 Dungeon Crawl Stone Soup version 0.25-a0-631-gc915619 (webtiles) character file.

Game seed: 14732300960814201792, levelgen mode: deterministic

266680 Trolling the Wrestler (level 19, -9/196 HPs)
             Began as a Troll Fighter on Mar 16, 2020.
             Was a High Priest of Okawaru.
             Mangled by a redback (11 damage)
             ... on level 4 of the Spider Nest on Mar 18, 2020.
             The game lasted 02:25:05 (39966 turns).

Trolling the Wrestler (Troll Fighter)              Turns: 39966, Time: 02:25:06

Health: -9/196     AC:  5    Str: 43    XL:     19   Next: 71%
Magic:  0/34       EV: 10    Int:  7    God:    Okawaru [*****.]
Gold:   5914       SH:  0    Dex:  9    Spells: 18/18 levels left

rFire    . . .     SeeInvis +     - Unarmed
rCold    . . .     Gourm    +   F - +2 kite shield {reflect}
rNeg     + . .     Faith    .   Q - +0 swamp dragon scales
rPois    +         Spirit   +   a - +0 hat {MR+}
rElec    +         Reflect  +   S - scarf {Spirit}
rCorr    .         Harm     .   (gloves unavailable)
MR       ++...                  (boots unavailable)
Stlth    ..........             I - amulet "Wumaigy" {Acrobat MP+9 Int+5}
HPRegen  0.82/turn              Y - ring of Hoahoq {rElec AC+2 Str+4 Int-2}
MPRegen  0.24/turn              R - ring "Sicsu" {rElec rN+ Str+4 SInv}

@: confused, lethally poisoned (-9 -> -36), corroded, berserk cooldown, slowed,
very slow
A: large, unfitting armour, claws 3, fast metabolism 3, gourmand, regeneration
1, shaggy fur 1, tough skin 3
}: 1/15 runes: decaying
a: Heroism, Finesse, Renounce Religion


You were on level 4 of the Spider Nest.
You worshipped Okawaru.
Okawaru was extremely pleased with you.
You were full.

You visited 7 branches of the dungeon, and saw 35 of its levels.
You also visited: Gauntlet, Ice Cave and Volcano.

You collected 7179 gold pieces.
You spent 1265 gold pieces at shops.

Inventory:

Missiles
 b - 13 large rocks (quivered)
 i - 67 poisoned darts
 j - 6 javelins
 A - 17 atropa-tipped darts
 D - 13 silver javelins
 H - 6 silver boomerangs
 K - 14 datura-tipped darts
 N - 15 curare-tipped darts
Armour
 a - a +0 hat of magic resistance (worn)
 g - a +1 cloak of invisibility
 n - a scarf of cloud immunity
 B - a scarf of repulsion
 F - a +2 kite shield of reflection (worn)
 J - a +1 tower shield of positive energy
 M - a +2 robe of magic resistance
 Q - +0 swamp dragon scales (worn)
 S - a scarf of spirit shield (worn)
 X - +0 acid dragon scales
Jewellery
 r - an uncursed ring of protection from cold
 E - an uncursed ring of flight
 I - the amulet "Wumaigy" (around neck) {Acrobat MP+9 Int+5}
   (You took it off a deep elf sorcerer on level 3 of the Elven Halls)

   [amulet of the acrobat]

   It helps you evade while moving and waiting.
   It affects your intelligence (+5).
   It affects your magic capacity (+9).
 O - the ring "Cofewnerir" {rF+++ MP+9 Int-5 Dex+4}
   (You bought it in a shop on level 1 of the Orcish Mines)

   [ring of magical power]

   It affects your intelligence (-5).
   It affects your dexterity (+4).
   It renders you almost immune to fire.
   It affects your magic capacity (+9).
 P - the ring of the Battered Coins {rElec rC+ Int+2}
   (You took it off a kobold demonologist on level 10 of the Dungeon)

   [ring of protection from cold]

   It affects your intelligence (+2).
   It protects you from cold.
   It insulates you from electricity.
 R - the ring "Sicsu" (right claw) {rElec rN+ Str+4 SInv}
   (You found it on level 10 of the Dungeon)

   [ring of see invisible]

   It affects your strength (+4).
   It insulates you from electricity.
   It protects you from negative energy.
   It lets you see invisible.
 T - an uncursed amulet of regeneration
 Y - the ring of Hoahoq (left claw) {rElec AC+2 Str+4 Int-2}
   (You took it off a deep elf death mage on level 3 of the Elven Halls)

   [ring of protection]

   It affects your AC (+2).
   It affects your strength (+4).
   It affects your intelligence (-2).
   It insulates you from electricity.
Wands
 q - a wand of clouds (7)
 y - a wand of acid (30)
 U - a wand of digging (10)
 V - a wand of iceblast (33)
 W - a wand of scattershot (8)
Scrolls
 k - 15 scrolls of teleportation
 l - 7 scrolls of magic mapping
 m - 6 scrolls of enchant armour
 o - 15 scrolls of remove curse
 u - 5 scrolls of identify
 v - 2 scrolls of fear
 z - 2 scrolls of fog
 Z - 3 scrolls of blinking
Potions
 c - 12 potions of might
 e - 3 potions of cancellation
 f - 14 potions of curing
 h - 4 potions of haste
 p - 6 potions of resistance
 s - 7 potions of flight
 t - 9 potions of heal wounds
 w - 4 potions of invisibility
 x - 2 potions of berserk rage
 C - 2 potions of ambrosia
 L - 4 potions of mutation
Miscellaneous
 G - 3 phantom mirrors
Comestibles
 d - 68 rations


   Skills:
 + Level 13.8 Fighting
 + Level 12.4 Throwing
 - Level 2.5 Dodging
 + Level 13.9 Shields
 * Level 21.3 Unarmed Combat
 - Level 10.0 Invocations


You had 18 spell levels left.
You didn't know any spells.
Your spell library contained the following spells:

 Spells                   Type           Power        Failure   Level  Hunger
 Animate Skeleton         Necr           N/A          52%         1    ##.....
 Apportation              Tloc           #.....       52%         1    ##.....
 Corona                   Hex            #......      52%         1    ##.....
 Freeze                   Ice            #...         52%         1    ##.....
 Sting                    Tmut/Pois      #...         52%         1    ##.....
 Summon Butterflies       Summ           #.......     52%         1    ##.....
 Summon Small Mammal      Summ           #...         52%         1    ##.....
 Ensorcelled Hibernation  Hex/Ice        #.....       65%         2    ###....
 Poisonous Vapours        Pois/Air       #.....       65%         2    ###....
 Shroud of Golubria       Chrm/Tloc      #.....       65%         2    ###....
 Slow                     Hex            #.......     65%         2    ###....
 Sticks to Snakes         Tmut           #.......     65%         2    ###....
 Confusing Touch          Hex            #.......     87%         3    ####...
 Dazzling Flash           Conj/Hex       #.....       87%         3    ####...
 Frozen Ramparts          Ice            #.....       87%         3    ####...
 Ignite Poison            Fire/Tmut/Pois #.......     87%         3    ####...
 Inner Flame              Hex/Fire       #.......     87%         3    ####...
 Mephitic Cloud           Conj/Pois/Air  #.......     87%         3    ####...
 Ozocubu's Armour         Chrm/Ice       #.......     87%         3    ####...
 Portal Projectile        Hex/Tloc       #.....       87%         3    ####...
 Recall                   Summ/Tloc      N/A          87%         3    ####...
 Tukima's Dance           Hex            #.......     87%         3    ####...
 Animate Dead             Necr           N/A          99%         4    #####..
 Cause Fear               Hex            #.........   99%         4    #####..
 Hailstorm                Conj/Ice       #.......     99%         4    #####..
 Leda's Liquefaction      Hex/Erth       #.........   99%         4    #####..
 Olgreb's Toxic Radiance  Pois           #.......     99%         4    #####..
 Summon Ice Beast         Ice/Summ       #.......     99%         4    #####..
 Summon Lightning Spire   Summ/Air       #.......     99%         4    #####..
 Aura of Abjuration       Summ           #.........   100%        5    ######.
 Bolt of Magma            Conj/Fire/Erth #.........   100%        5    ######.
 Borgnjor's Vile Clutch   Necr/Erth      #.........   100%        5    ######.
 Iskenderun's Battlesphe  Conj/Chrm      #.......     100%        5    ######.
 Summon Demon             Summ           #.........   100%        5    ######.
 Summon Forest            Summ/Tloc      #.........   100%        5    ######.
 Summon Mana Viper        Hex/Summ       #.......     100%        5    ######.
 Death Channel            Necr           #.........   100%        6    #######
 Eringya's Noxious Bog    Tmut/Pois      #.........   100%        6    #######
 Iron Shot                Conj/Erth      #.........   100%        6    #######
 Shadow Creatures         Summ           N/A          100%        6    #######
 Simulacrum               Ice/Necr       #.........   100%        6    #######
 Orb of Destruction       Conj           #.........   100%        7    #######
 Spellforged Servitor     Conj/Summ      #.........   100%        7    #######
 Summon Hydra             Summ           #.........   100%        7    #######


Dungeon Overview and Level Annotations

Branches:
Dungeon (15/15)            Temple (1/1) D:6            Lair (6/6) D:11
  Swamp (4/4) Lair:4       Spider (4/4) Lair:2        Slime (0/5) Lair:5
    Orc (2/2) D:11            Elf (3/3) Orc:2        Vaults (0/5) D:13
 Depths (0/5) D:15          IceCv (visited)         Volcano (visited)
Gauntlet (visited)

Altars:
Ashenzari
Cheibriados
Dithmenos
Elyvilon
Fedhas
Gozag
Hepliaklqana
Kikubaaqudgha
Makhleb
Nemelex Xobeh
Okawaru
Qazlal
Ru
Sif Muna
Trog
Uskayaw
Vehumet
Wu Jian
Xom
Yredelemnul
Zin
The Shining One
Beogh
Jiyva

Shops:
D:4 *   D:10 [   D:14 *   Orc:1 *   Orc:2 =?%(   Elf:1 }

Portals:
Trove: D:12 (give horn of Geryon)

Annotations:
Elf:1 6 runed translucent doors
Elf:2 5 runed translucent doors


Innate Abilities, Weirdness & Mutations

You are too large for most types of armour.
You have claws for hands.
Your metabolism is lightning-fast.
You like to eat raw meat.
Your natural rate of healing is unusually fast.
You are covered in fur. (AC +1)
You have extremely tough skin. (AC +3)


Message History

* * * LOW HITPOINT WARNING * * *
The entropy weaver mumbles some strange words.
The entropic weave corrodes you! The redback bites you!
* * * LOW HITPOINT WARNING * * *
You are lethally poisoned!
The redback poisons you! The moth of wrath bites you!
* * * LOW HITPOINT WARNING * * *
The tarantella barely misses you.
The jumping spider splashes around in the water.
The jumping spider bites you.
* * * LOW HITPOINT WARNING * * *
Unknown command.
You're too confused!
You eviscerate the hornet!!!
You kill the hornet!
Okawaru accepts your kill.
* * * LOW HITPOINT WARNING * * *
You feel very sick. The redback bites you!
You die...

##..!.!..^##
##.≈........#
#^..........^#
##≈...........##
#............^.#
##^.............#
^..$....s......^#
.......@ya.......
^^..^sss†s.......
.....#.ss....%.^^
....^#.....#^...
......^..^≈#^...
....#≈.....y.....
... #^....#......
. #.(^..##.^...
#..†..≈##....


You could see an entropy weaver, a demonic crawler, a moth of wrath, a hornet, 2
jumping spiders, 2 tarantellas and 2 redbacks.

Vanquished Creatures
  Nikola (Swamp:2)
  Jorgrun (Orc:1)
  2 deep elf blademasters (Elf:3)
  A deep elf master archer (Elf:3)
  Gastronok (D:9)
  3 thorn hunters
  Roxanne (Swamp:3)
  Donald (Elf:3)
  7 deep elf sorcerers
  2 frost giants
  3 ghost moths (Spider:4)
  Aizul (Swamp:3)
  4 deep elf elementalists (Elf:3)
  6 emperor scorpions
  2 entropy weavers (Spider:1)
  3 deep elf demonologists
  Azrael (D:14)
  8 deep elf annihilators
  7 spark wasps
  A minotaur (Gauntlet)
  6 deep elf death magi (Elf:3)
  Josephine (Orc:1)
  3 deep elf high priests
  8 slime creatures
  Fannar (D:10)
  26 hydras
  2 death knights
  A ghost crab (Swamp:2)
  4 shambling mangroves
  3 catoblepae (Lair:6)
  A queen ant (Spider:1)
  9 alligators
  4 centaur warriors
  12 death yaks
  11 two-headed ogres
  12 dancing weapons
  2 tengu warriors
  A thrashing horror (Gauntlet)
  5 orc high priests
  10 deep elf knights
  The ghost of Geaxo the Transmogrifier, a journeyman FeTm of Wu Jian (D:13)
  Nergalle (Lair:4)
  A shadow wraith (D:14)
  A skeletal warrior (D:14)
  A spriggan druid (Swamp:4)
  9 swamp dragons
  2 unseen horrors
  12 deep elf archers
  3 orc knights
  A wizard (D:14)
  2 orc sorcerers (Orc:2)
  35 deep elf magi
  A cyclops (shapeshifter) (Elf:3)
  2 necromancers (D:13)
  13 orb spiders
  A shining eye (Gauntlet)
  24 wolf spiders
  7 cyclopes
  3 manticores
  17 ugly things
  A salamander (Volcano)
  10 oklob plants
  A faun (shapeshifter) (D:14)
  4 centaur zombies
  6 elephants
  2 black mambas
  3 ice statues
  A spectral centaur (D:13)
  Maurice (Orc:1)
  2 torpor snails
  22 spiny frogs
  5 centaur skeletons
  A gargoyle (D:14)
  2 kobold demonologists
  5 komodo dragons
  14 rime drakes
  A freezing wraith (D:14)
  2 minotaur zombies (Gauntlet)
  14 demonic crawlers
  34 jumping spiders
  A jumping spider (shapeshifter) (D:14)
  A queen bee (Lair:2)
  9 trolls
  A tengu conjurer (D:13)
  17 polar bears
  8 tyrant leeches
  10 bog bodies
  A wolf spider simulacrum (D:13)
  13 hornets
  16 blink frogs
  Prince Ribbit (D:5)
  10 hippogriffs
  5 dream sheep (Lair:3)
  5 air elementals
  6 spriggans
  89 redbacks
  Sigmund (D:2)
  2 shadows
  A centaur simulacrum (D:13)
  5 water elementals
  62 yaks
  A yak (shapeshifter) (D:14)
  32 tarantellas
  5 wraiths (Orc:1)
  A golden eye (Gauntlet)
  4 wyverns
  9 fire elementals
  2 basilisks
  2 fire bats (Volcano)
  4 hungry ghosts
  18 vampire mosquitoes
  Menkaure (D:6)
  6 steam dragons
  4 insubstantial wisps (Swamp:2)
  6 soldier ants
  2 wargs (Orc:2)
  14 swamp worms
  3 hell hounds
  2 acid dragons
  14 water moccasins
  6 porcupines
  3 small abominations (Gauntlet)
  A floating eye (Lair:1)
  A spectral hornet (D:13)
  A black bear (D:12)
  3 ice beasts
  25 orc warriors
  11 swamp drakes
  3 phantoms
  7 sky beasts
  A hornet zombie (D:12)
  4 centaurs
  12 ogres
  10 crocodiles
  22 wolves
  3 big kobolds
  16 bullfrogs
  2 earth elementals
  A wyvern zombie (D:10)
  A gnoll sergeant (Orc:2)
  A water moccasin zombie (D:5)
  A hornet simulacrum (D:14)
  8 scorpions
  27 killer bees
  18 wights
  7 howler monkeys
  3 electric eels
  6 crimson imps
  3 bullfrog zombies
  3 jellies
  2 quasits
  8 hounds
  2 wyvern simulacra (D:13)
  35 orc priests
  Crazy Yiuf (D:5)
  A bullfrog skeleton (D:6)
  Terence (D:2)
  5 iguanas
  27 orc wizards
  3 hell rats (Lair:3)
  34 worker ants
  A killer bee zombie (D:7)
  2 hound zombies
  A hound skeleton (D:4)
  2 worker ant zombies
  10 gnolls
  17 adders
  10 river rats (Lair:3)
  2 shadow imps
  An ooze (D:4)
  2 adder zombies
  4 adder skeletons
  4 worms
  9 dart slugs
  6 leopard geckos
  98 orcs
  5 bats
  9 giant cockroaches
  5 goblins
  7 hobgoblins
  7 jackals (D:1)
  25 kobolds
  5 quokkas
  4 frilled lizards
  A jackal zombie (D:6)
  A leopard gecko skeleton (D:7)
  15 rats
  13 plants
1435 creatures vanquished.

Vanquished Creatures (others)
  A deep elf knight (Elf:1)
  A deep elf archer (Elf:1)
  A rime drake (Lair:2)
  A hornet (Spider:4)
  A tarantella (Spider:1)
  A centaur (Volcano)
  A killer bee (Lair:2)
  5 briar patches
  3 fungi
  16 plants
31 creatures vanquished.

Grand Total: 1466 creatures vanquished

Notes
Turn   | Place    | Note
-------+----------+-------------------------------------------
     0 | D:1      | Trolling the Troll Fighter began the quest for the Orb.
     0 | D:1      | Reached XP level 1. HP: 22/22 MP: 0/0
    35 | D:1      | Reached XP level 2. HP: 29/29 MP: 1/1
   313 | D:1      | Reached XP level 3. HP: 36/36 MP: 2/2
   569 | D:2      | Noticed Sigmund
   597 | D:2      | Killed Sigmund
   597 | D:2      | Reached skill level 4 in Unarmed Combat
   597 | D:2      | Reached XP level 4. HP: 21/45 MP: 3/3
   597 | D:2      | Reached XP level 5. HP: 25/53 MP: 4/4
   993 | D:2      | Noticed Terence
  1002 | D:2      | Killed Terence
  1002 | D:2      | Reached XP level 6. HP: 53/61 MP: 5/5
  1078 | D:2      | Found a sparkling altar of Nemelex Xobeh.
  1347 | D:3      | Found a faded altar of an unknown god.
  1553 | D:3      | Reached skill level 5 in Unarmed Combat
  2124 | D:4      | Found a glowing golden altar of the Shining One.
  2136 | D:4      | Reached XP level 7. HP: 68/68 MP: 6/6
  2212 | D:4      | Found Yhilidic's Assorted Antiques.
  2217 | D:4      | Bought an emerald potion for 24 gold pieces
  2217 | D:4      | Bought a scroll labeled FATTYH VUIMOS for 27 gold pieces
  2217 | D:4      | Bought a black potion for 24 gold pieces
  2217 | D:4      | Bought an ivory ring for 135 gold pieces
  2535 | D:4      | Reached skill level 6 in Unarmed Combat
  2701 | D:5      | Entered Level 5 of the Dungeon
  2827 | D:5      | Reached XP level 8. HP: 63/79 MP: 7/7
  2977 | D:5      | Reached skill level 7 in Unarmed Combat
  3076 | D:5      | Found a runed translucent door.
  3077 | D:5      | Noticed Crazy Yiuf
  3278 | D:5      | Killed Crazy Yiuf
  3339 | D:6      | Noticed Menkaure
  3352 | D:5      | Reached skill level 5 in Fighting
  3352 | D:5      | Reached skill level 5 in Shields
  3625 | D:6      | Killed Menkaure
  3632 | D:6      | Noticed Prince Ribbit
  3663 | D:4      | Reached skill level 8 in Unarmed Combat
  3853 | D:5      | Killed Prince Ribbit
  3853 | D:5      | Reached XP level 9. HP: 33/88 MP: 8/8
  4140 | D:6      | Found a staircase to the Ecumenical Temple.
  4156 | Temple   | Entered the Ecumenical Temple
  4234 | Temple   | Became a worshipper of Warmaster Okawaru
  4396 | D:6      | Found a snail-covered altar of Cheibriados.
  4396 | D:6      | Found an ancient bone altar of Kikubaaqudgha.
  4397 | D:6      | Found a basalt altar of Yredelemnul.
  4594 | D:7      | Found a white marble altar of Elyvilon.
  4600 | D:7      | Found a stormy altar of Qazlal.
  4610 | D:7      | Reached skill level 9 in Unarmed Combat
  4610 | D:7      | Reached skill level 1 in Invocations
  4766 | D:7      | Reached * piety under Okawaru
  5530 | D:8      | Reached ** piety under Okawaru
  5546 | D:8      | Reached XP level 10. HP: 79/100 MP: 11/11
  5554 | D:8      | Reached skill level 10 in Unarmed Combat
  5701 | D:8      | Found a sparkling altar of Nemelex Xobeh.
  6552 | D:9      | Noticed Gastronok
  6566 | D:9      | Killed Gastronok
  6566 | D:9      | Reached *** piety under Okawaru
  6566 | D:9      | Reached **** piety under Okawaru
  6740 | D:9      | Reached skill level 11 in Unarmed Combat
  6813 | D:9      | Noticed a two-headed ogre
  6827 | D:9      | Killed a two-headed ogre
  7026 | D:10     | Entered Level 10 of the Dungeon
  7140 | D:9      | Reached XP level 11. HP: 109/109 MP: 13/13
  7290 | D:10     | Reached ***** piety under Okawaru
  7290 | D:10     | Reached skill level 5 in Invocations
  7391 | D:10     | Noticed a two-headed ogre
  7411 | D:10     | Killed a two-headed ogre
  7577 | D:10     | Found Miab's Armour Emporium.
  7580 | D:10     | Bought a +2 robe of magic resistance for 247 gold pieces
  7737 | D:10     | Received a gift from Okawaru
  7777 | D:10     | Noticed Fannar
  7785 | D:10     | Killed Fannar
  7785 | D:10     | Reached skill level 12 in Unarmed Combat
  7872 | D:10     | Noticed a two-headed ogre
  7886 | D:10     | Killed a two-headed ogre
  8004 | D:10     | Noticed a two-headed ogre
  8010 | D:10     | Killed a two-headed ogre
  8356 | D:10     | Identified the ring of the Battered Coins {rElec rC+ Int+2}
  8363 | D:10     | Identified the ring of Lanod {Ice +Blink MR- MP+9 SInv}
  8416 | D:10     | Noticed an unseen horror
  8419 | D:10     | Killed an unseen horror
  8421 | D:10     | Got a crude granite ring
  8424 | D:10     | Got a glittering jade ring
  8426 | D:10     | Identified the ring "Sicsu" {rElec rN+ Str+4 SInv} (You
                  | found it on level 10 of the Dungeon)
  8429 | D:10     | Identified the ring "Atokumah" {Wiz rPois rF- Dex+3} (You
                  | found it on level 10 of the Dungeon)
  8825 | D:11     | Found a staircase to the Lair.
  8825 | D:11     | Noticed an oklob plant
  8834 | D:11     | Killed an oklob plant
  8971 | D:11     | Reached XP level 12. HP: 120/120 MP: 15/15
  9218 | D:11     | Found a staircase to the Orcish Mines.
  9309 | D:11     | Received a gift from Okawaru
  9509 | D:11     | Reached skill level 13 in Unarmed Combat
  9541 | D:11     | Noticed a four-headed hydra
  9553 | D:11     | Killed a five-headed hydra
  9798 | D:12     | Noticed a six-headed hydra
  9799 | D:12     | Noticed a five-headed hydra
  9816 | D:12     | Killed a five-headed hydra
  9816 | D:12     | Reached skill level 1 in Throwing
  9823 | D:12     | Killed a six-headed hydra
 10007 | D:12     | Noticed a two-headed ogre
 10015 | D:12     | Killed a two-headed ogre
 10105 | D:12     | Found a portal to a secret trove of treasure.
 10450 | D:13     | Noticed a tengu warrior
 10460 | D:13     | Killed a tengu warrior
 10473 | D:13     | Found a gate leading to a gauntlet.
 10485 | D:13     | Received a gift from Okawaru
 10492 | Gauntlet | Entered a Gauntlet
 10492 | Gauntlet | Found a transporter.
 10513 | Gauntlet | Found a transporter.
 10528 | Gauntlet | Found a transporter.
 10533 | Gauntlet | Found a transporter.
 10550 | Gauntlet | Found a transporter.
 10567 | Gauntlet | Found a transporter.
 10579 | Gauntlet | Found a transporter.
 10598 | Gauntlet | Found a transporter.
 10600 | Gauntlet | Noticed a death scarab
 10602 | Gauntlet | Noticed a death scarab
 10606 | Gauntlet | Noticed a death yak
 10607 | Gauntlet | Noticed a death yak
 10607 | Gauntlet | Noticed a death yak
 10607 | Gauntlet | Noticed a death yak
 10607 | Gauntlet | Noticed a death yak
 10610 | Gauntlet | Found a transporter.
 10622 | Gauntlet | Found a transporter.
 10641 | Gauntlet | Found a transporter.
 10656 | Gauntlet | Found a transporter.
 10658 | Gauntlet | Found a transporter.
 10685 | Gauntlet | Found a transporter.
 10705 | Gauntlet | Found a transporter.
 10795 | Gauntlet | Found a transporter.
 10795 | Gauntlet | Found a transporter.
 10900 | Gauntlet | Found a transporter.
 11055 | Gauntlet | Reached XP level 13. HP: 92/131 MP: 15/17
 11071 | Gauntlet | Got a twisted cloak
 11085 | Gauntlet | Identified the +0 cloak "Aruli" {rPois Regen+ Str+7 Slay-4}
                  | (You found it in a Gauntlet)
 11103 | Gauntlet | Noticed a minotaur
 11114 | Gauntlet | Killed a minotaur
 11114 | Gauntlet | Reached skill level 14 in Unarmed Combat
 11287 | D:13     | HP: 3/131 [two-headed ogre/+0 giant club (20)]
 11652 | D:13     | Found a gate to the Vaults.
 12004 | D:13     | Found a runed translucent gate.
 12004 | D:13     | Found a runed translucent gate.
 12004 | D:13     | Noticed Geaxo's ghost (journeyman FeTm)
 12005 | D:13     | Found a runed translucent gate.
 12022 | D:13     | Received a gift from Okawaru
 12042 | D:13     | Killed Geaxo's ghost
 12199 | D:13     | Received a gift from Okawaru
 12349 | D:14     | Identified the Incunabulum of Displaced Contamination
 12415 | D:14     | Noticed Azrael
 12497 | D:14     | Killed Azrael
 12721 | D:14     | Reached skill level 5 in Throwing
 12724 | D:14     | Received a gift from Okawaru
 12755 | D:14     | Reached skill level 15 in Unarmed Combat
 12903 | D:14     | Reached ****** piety under Okawaru
 12992 | D:14     | Found Vonem's General Store.
 12996 | D:14     | Bought a potion of flight for 57 gold pieces
 13182 | D:14     | Reached XP level 14. HP: 135/141 MP: 19/19
 13694 | D:15     | Entered Level 15 of the Dungeon
 13859 | D:15     | Identified a scroll of acquirement
 14034 | D:15     | Reached skill level 10 in Fighting
 14458 | D:15     | Reached skill level 10 in Shields
 14552 | D:15     | Noticed a frost giant
 14563 | D:15     | Killed a frost giant
 14563 | D:15     | Received a gift from Okawaru
 14565 | D:15     | Found a staircase to the Depths.
 14931 | Lair:1   | Entered Level 1 of the Lair of Beasts
 15068 | Lair:1   | Paralysed by a floating eye for 4 turns
 15871 | Lair:2   | Found a hole to the Spider Nest.
 15889 | Lair:2   | Received a gift from Okawaru
 16439 | Lair:2   | Reached skill level 16 in Unarmed Combat
 16955 | Lair:3   | Found a burning altar of Makhleb.
 17646 | Lair:3   | Reached XP level 15. HP: 137/152 MP: 21/21
 17917 | Lair:4   | Received a gift from Okawaru
 17937 | Lair:4   | Found a hide-covered altar of Uskayaw.
 18168 | Lair:4   | Noticed Nergalle
 18176 | Lair:4   | Killed Nergalle
 18219 | Lair:4   | Found a frozen archway.
 18232 | IceCv    | Entered an ice cave
 18466 | IceCv    | Reached skill level 10 in Invocations
 18489 | IceCv    | Received a gift from Okawaru
 18556 | IceCv    | Noticed a frost giant
 18576 | IceCv    | Killed a frost giant
 18635 | IceCv    | Found the +0 sword of Power
 18899 | Lair:4   | Identified the amulet of Piann {RegenMP Str+2 Int-5 Dex+3
                  | Stlth+} (You acquired it on level 4 of the Lair of Beasts)
 19144 | Lair:4   | Found a staircase to the Swamp.
 19465 | Lair:5   | Found a staircase to the Slime Pits.
 19465 | Lair:5   | Found a viscous altar of Jiyva.
 19541 | Lair:5   | Found a dark tunnel.
 19551 | Volcano  | Entered a volcano
 19598 | Volcano  | Received a gift from Okawaru
 20042 | Lair:5   | Received a gift from Okawaru
 20113 | Lair:5   | Found an ornate altar of the Wu Jian Council.
 20387 | Lair:5   | Got a coiled bronze ring
 20393 | Lair:5   | Identified the ring "Xoaddoda" {rF+ SInv} (You found it on
                  | level 5 of the Lair of Beasts)
 20470 | Lair:5   | Reached skill level 17 in Unarmed Combat
 20821 | Lair:6   | Entered Level 6 of the Lair of Beasts
 20906 | Lair:6   | Received a gift from Okawaru
 21576 | Lair:6   | Received a gift from Okawaru
 21602 | Lair:6   | Received a gift from Okawaru
 21719 | Lair:6   | Reached XP level 16. HP: 94/162 MP: 20/22
 21849 | Lair:6   | Received a gift from Okawaru
 22293 | Orc:1    | Entered Level 1 of the Orcish Mines
 22297 | Orc:1    | Noticed Josephine
 22310 | Orc:1    | Killed Josephine
 22408 | Orc:1    | Found Itisch's Assorted Antiques.
 22441 | Orc:1    | Bought a potion of haste for 310 gold pieces
 22441 | Orc:1    | Bought a scroll of blinking for 232 gold pieces
 22441 | Orc:1    | Bought a fine lead ring for 155 gold pieces
 22441 | Orc:1    | Bought a blue potion for 27 gold pieces
 22441 | Orc:1    | Bought a murky coppery potion for 27 gold pieces
 22444 | Orc:1    | Lost intelligence.
 22444 | Orc:1    | Identified the ring "Cofewnerir" {rF+++ MP+9 Int-5 Dex+4}
                  | (You bought it in a shop on level 1 of the Orcish Mines)
 22555 | Orc:1    | Noticed Maurice
 22563 | Orc:1    | Killed Maurice
 22563 | Orc:1    | Received a gift from Okawaru
 22626 | Orc:2    | Entered Level 2 of the Orcish Mines
 22711 | Orc:1    | Noticed Jorgrun
 22730 | Orc:1    | Killed Jorgrun
 22822 | Orc:1    | Found a roughly hewn altar of Beogh.
 23109 | Orc:2    | Found a roughly hewn altar of Beogh.
 23387 | Orc:2    | Received a gift from Okawaru
 23826 | Orc:2    | Found a staircase to the Elven Halls.
 23888 | Orc:2    | Found Jamoono's Jewellery Emporium.
 23888 | Orc:2    | Found Peisan's Weapon Shoppe.
 23888 | Orc:2    | Found Obubbez's Magic Scroll Emporium.
 23896 | Orc:2    | Found Voddir's Food Shoppe.
 24045 | Elf:1    | Entered Level 1 of the Elven Halls
 24221 | Elf:1    | Received a gift from Okawaru
 24352 | Elf:1    | Identified the +8 spear of Blood {flame, rF++ rN+ Int-4
                  | Stlth+}
 24372 | Elf:1    | Received a gift from Okawaru
 24372 | Elf:1    | Reached skill level 18 in Unarmed Combat
 24570 | Elf:1    | Identified the +0 cloak of the World {Str+3} (You acquired
                  | it on level 1 of the Elven Halls)
 24754 | Elf:1    | Found a runed translucent gate.
 24754 | Elf:1    | Found a runed translucent gate.
 24754 | Elf:1    | Found a runed translucent gate.
 24754 | Elf:1    | Found a runed translucent gate.
 24754 | Elf:1    | Found a runed translucent gate.
 24755 | Elf:1    | Noticed a storm dragon
 24756 | Elf:1    | Found a runed translucent gate.
 24902 | Elf:1    | Received a gift from Okawaru
 25014 | Elf:1    | Found Othrev's Gadget Emporium.
 25801 | Elf:2    | Received a gift from Okawaru
 26401 | Elf:2    | Reached XP level 17. HP: 172/172 MP: 20/23
 26481 | Elf:2    | Found a huge runed translucent gate.
 26481 | Elf:2    | Found a huge runed translucent gate.
 26481 | Elf:2    | Found a huge runed translucent gate.
 26481 | Elf:2    | Found a huge runed translucent gate.
 26482 | Elf:2    | Found a huge runed translucent gate.
 26763 | Elf:3    | Entered Level 3 of the Elven Halls
 26862 | Elf:3    | Received a gift from Okawaru
 26988 | Elf:3    | Noticed a deep elf master archer
 27011 | Elf:3    | Killed a deep elf master archer
 27159 | Elf:3    | Noticed a deep elf blademaster
 27168 | Elf:3    | Killed a deep elf blademaster
 27168 | Elf:3    | Reached skill level 10 in Throwing
 27282 | Elf:3    | Noticed a deep elf blademaster
 27302 | Elf:3    | Killed a deep elf blademaster
 27707 | Elf:3    | Noticed Donald
 27724 | Elf:3    | Killed Donald
 27724 | Elf:3    | Reached skill level 19 in Unarmed Combat
 28027 | Elf:3    | Received a gift from Okawaru
 28028 | Elf:3    | Got a polished hat {god gift}
 28034 | Elf:3    | Identified the cursed +0 great sword of Fortitude {elec,
                  | Int+6 SInv Stlth-}
 28074 | Elf:3    | Identified the +0 hat of Okawaru's Approval {rElec MR-
                  | Str+4 Dex+4} (Okawaru gifted it to you on level 3 of the
                  | Elven Halls)
 28082 | Elf:3    | Identified the ring of Hoahoq {rElec AC+2 Str+4 Int-2}
 28836 | Elf:3    | Identified the amulet "Wumaigy" {Acrobat MP+9 Int+5}
 28943 | Elf:3    | Identified the Volume of the Escort and Changing
 29366 | Swamp:1  | Entered Level 1 of the Swamp
 30087 | Swamp:1  | Received a gift from Okawaru
 30138 | Swamp:1  | Got a tattered robe {god gift}
 30151 | Swamp:1  | Identified the +0 robe of Yngy {rElec Str+3} (Okawaru
                  | gifted it to you on level 1 of the Swamp)
 30434 | Swamp:1  | Reached XP level 18. HP: 178/184 MP: 24/24
 30956 | Swamp:2  | Noticed Nikola
 31173 | Swamp:2  | Killed Nikola
 32264 | Swamp:3  | Noticed Aizul
 32275 | Swamp:3  | Killed Aizul
 32356 | Swamp:3  | Noticed Roxanne
 32495 | Swamp:3  | Killed Roxanne
 32495 | Swamp:3  | Reached skill level 20 in Unarmed Combat
 32852 | Swamp:4  | Entered Level 4 of the Swamp
 32866 | Swamp:4  | Upgraded the game from 0.25-a0-613-gf4b2665 to
                  | 0.25-a0-614-g73ad250
 32866 | Swamp:4  | Received a gift from Okawaru
 33446 | Swamp:4  | Received a gift from Okawaru
 34260 | Swamp:4  | Got a decaying rune of Zot
 34664 | Spider:1 | Entered Level 1 of the Spider Nest
 34890 | Spider:1 | Received a gift from Okawaru
 35148 | Spider:1 | Reached XP level 19. HP: 39/195 MP: 25/25
 35637 | Spider:2 | Received a gift from Okawaru
 38007 | Spider:3 | Received a gift from Okawaru
 38041 | Spider:3 | Identified the ring "Ippiont" {Ice MR+} (You found it on
                  | level 3 of the Spider Nest)
 38092 | Spider:4 | Entered Level 4 of the Spider Nest
 38251 | Spider:3 | Reached skill level 21 in Unarmed Combat
 38461 | Spider:4 | Upgraded the game from 0.25-a0-614-g73ad250 to
                  | 0.25-a0-631-gc915619
 39098 | Spider:3 | HP: 9/196 [poisoned by a redback]
 39103 | Spider:3 | HP: 7/196 [poisoned by a redback]
 39108 | Spider:3 | HP: 7/196 [poisoned by a redback]
 39113 | Spider:3 | HP: 9/196 [poisoned by a redback]
 39352 | Spider:4 | Received a gift from Okawaru
 39965 | Spider:4 | HP: 9/196 [moth of wrath (8)]
 39966 | Spider:4 | HP: 2/196 [poisoned by a redback]
 39966 | Spider:4 | Mangled by a redback

Levels and vault maps discovered:
D:1:      minmay_arrival_doors, layout_rooms, minmay_hexomino_f4
D:2:      layout_rooms, marbit_many_paths, minmay_split_cup_large, uniq_sigmund,
          uniq_terence
D:3:      layout_loops_ring, chequers_ecumenical_altar_simple,
          kennysheep_pointless_box
D:4:      layout_loops_ring, kennysheep_mini_moat, serial_shops, shop
D:5:      layout_cave_pools, first_ration, uniq_crazy_yiuf_cottage
D:6:      layout_cave_pools, gammafunk_temple_overflow_claw,
          minmay_temple_entry_statues_pillars, uniq_prince_ribbit1,
          uniq_menkaure
D:7:      layout_gridville, nicolae_qazlal_style_of_elements, elyvilon_altar_5
D:8:      layout_basic, the_bakery, nemelex_xobeh_ov_fountains_minmay
D:9:      layout_roguey, uniq_gastronok
D:10:     minmay_the_grid_triangle_9x9_recursive_2
          [minmay_the_grid_triangle_9x9_prize_special,
          minmay_the_grid_triangle_9x9_impossible_snake,
          minmay_the_grid_triangle_9x9_corrupted_corridor,
          minmay_the_grid_triangle_9x9_steps], layout_cave_pods, serial_shops,
          kennysheep_mini, uniq_fannar
D:11:     layout_gridville, dpeg_oklobed_lair, orc_0_dummy, billiards_dpeg
D:12:     layout_roguey, nicolae_trove_entry_crossroad
D:13:     layout_loops_ring, david_vaults_1, gammafunk_ghost_necromancy,
          gauntlet_entry_generic, kennysheep_small_circle
D:14:     minmay_triangles_in_corner, layout_loops_corners,
          nicolae_two_hexagons, serial_shops, shop, uniq_azrael
D:15:     grunt_enter_depths_snipers, layout_gridville
Temple:   compressed_dpeg_circular_temple
Lair:1:   layout_gridlike, disabler_island
Lair:2:   layout_roguey [special_room_bee], nicolae_spider_entry_non_spiders,
          bobbens_dragon_lair_wall, infiniplex_staircase_pool_2
Lair:3:   minmay_lair_oklob_tunnel, layout_misc_corridors, basic_altar,
          kennysheep_abandoned_house
Lair:4:   layout_roguey, palyth_hydra_swamp_entry, basic_altar,
          portal_ice_cave_rime, beast_lair_carwin_11, uniq_nergalle
Lair:5:   layout_roguey, slime_altar_1, nicolae_volcano_entry_lava_flow,
          basic_altar, grunt_megastairs_4, minmay_lair_oklob_chamber,
          serial_bayou_shore_b
Lair:6:   evilmike_catoblepas_cave, layout_gridlike, serial_bayou_lake_a,
          grunt_megastairs_1
Swamp:1:  layout_basic_swamp, nicolae_swamp_feature_on_the_river_bank
Swamp:2:  layout_falls_marsh, infiniplex_staircase_pool, uniq_nikola
Swamp:3:  layout_basic_swamp, evilmike_swamp_ruin_house_3, swamp_pool4,
          uniq_aizul, uniq_roxanne
Swamp:4:  swamp_alternative, layout_basic_swamp
Spider:1: layout_spider_delve, minmay_another_anthill
Spider:2: layout_spider_delve, spiders_nest_hornet_nest
Spider:3: layout_chambers, worms_lemuel
Spider:4: grunt_spider_rune_parallel
Orc:1:    layout_caves, basic_altar, serial_shops, nicolae_shop_trees,
          uniq_josephine, uniq_jorgrun, uniq_maurice
Orc:2:    st_orc_mages, layout_diamond_mine, basic_altar
Elf:1:    layout_gridlike, serial_shops, nicolae_shop_behind_doors, orc_legates
Elf:2:    layout_geoelf_octagon
Elf:3:    minmay_elf_hall_dome, layout_onion_city, uniq_donald

Skill      XL: |  1  2  3  4  5  6  7  8  9 10 11 12 13 14 15 16 17 18 19 |
---------------+----------------------------------------------------------+-----
Fighting       | 3 4 5 6 7 8 9 10 11 12 13 | 13.8
Shields        | 3 4 5 6 7 8 9 10 11 12 13 | 13.9
Unarmed Combat | 4 5 6 8 9 11 12 13 15 16 17 18 19 20 21 | 21.3
Invocations    | 3 4 6 7 8 9 10 | 10.0
Throwing       | 3 5 6 8 9 10 11 12 | 12.4
Dodging        | |  2.5

Action                   |  1- 3 |  4- 6 |  7- 9 | 10-12 | 13-15 | 16-18 | 19-21 || total
-------------------------+-------+-------+-------+-------+-------+-------+-------++-------
Melee: Unarmed           |   101 |   197 |   348 |   590 |  1198 |  1357 |   597 ||  4388
Throw: Boomerang         |       |       |       |     8 |       |       |       ||     8
       Dart              |       |       |       |     6 |       |     1 |       ||     7
       Large rock        |       |       |       |     3 |    43 |    96 |       ||   142
       Javelin           |       |       |       |       |       |    10 |       ||    10
Invok: Heroism           |       |       |       |    11 |    33 |    44 |     3 ||    91
       Finesse           |       |       |       |     2 |    10 |     9 |     1 ||    22
 Abil: Evoke Invisibilit |       |       |       |       |     1 |       |       ||     1
Evoke: Wand              |       |       |       |     6 |       |       |       ||     6
  Use: Scroll            |       |     8 |     3 |     4 |    17 |    15 |     2 ||    49
       Potion            |       |       |       |       |     2 |     3 |       ||     5
 Stab: Invisible         |       |       |       |       |     1 |     1 |       ||     2
       Distracted        |       |       |       |       |       |     1 |       ||     1
  Eat: Chunk             |    11 |    14 |    32 |    44 |   105 |   123 |    23 ||   352
       Ration            |       |       |       |       |       |       |     5 ||     5
Armor: Robe              |    23 |    49 |    84 |    90 |   111 |    47 |       ||   404
       Acid dragon scale |       |       |       |       |    67 |    61 |       ||   128
       Swamp dragon scal |       |       |       |       |       |    59 |   194 ||   253
Dodge: Dodged            |    29 |    51 |   152 |   215 |   367 |   465 |   257 ||  1536
       Deflected         |       |       |       |       |       |    10 |       ||    10
Block: Kite shield       |    43 |    97 |   211 |   346 |   717 |   798 |   529 ||  2741
       Reflection        |       |       |       |       |    16 |    45 |       ||    61

Table legend:
 A = Non-vault XP
 B = Vault XP
 C = Vault XP percentage of total XP
 D = Non-vault monster count
 E = Vault monster count
 F = Vault count percentage of total count
                 A         B        C        D         E       F
            +---------+---------+-------+---------+---------+-------
      Total |  245410 |  201292 |  45.1 |     958 |     468 |  32.8
            +---------+---------+-------+---------+---------+-------
        D:1 |      46 |       6 |  11.5 |      25 |       3 |  10.7
        D:2 |      89 |     289 |  76.5 |      30 |       7 |  18.9
        D:3 |     245 |       0 |   0.0 |      25 |       0 |   0.0
        D:4 |     556 |       0 |   0.0 |      21 |       0 |   0.0
        D:5 |    1222 |     299 |  19.7 |      30 |       2 |   6.2
        D:6 |     413 |     172 |  29.4 |      20 |       1 |   4.8
        D:7 |    1484 |       0 |   0.0 |      25 |       0 |   0.0
        D:8 |    1094 |     229 |  17.3 |      34 |       1 |   2.9
        D:9 |    2362 |    2442 |  50.8 |      22 |       1 |   4.3
       D:10 |    5450 |    4113 |  43.0 |      29 |      14 |  32.6
       D:11 |    5826 |     737 |  11.2 |      37 |       4 |   9.8
       D:12 |    7039 |       0 |   0.0 |      35 |       0 |   0.0
       D:13 |    8031 |    6899 |  46.2 |      42 |      17 |  28.8
       D:14 |    6847 |    8392 |  55.1 |      21 |      23 |  52.3
       D:15 |    8176 |    3125 |  27.7 |      16 |       3 |  15.8
     Lair:1 |    6802 |    1161 |  14.6 |      27 |       3 |  10.0
     Lair:2 |    3697 |    6490 |  63.7 |      22 |      46 |  67.6
     Lair:3 |    3938 |    3116 |  44.2 |      16 |      21 |  56.8
     Lair:4 |    5141 |    5403 |  51.2 |      11 |      13 |  54.2
     Lair:5 |    5744 |    2326 |  28.8 |      22 |       7 |  24.1
     Lair:6 |    3272 |   15101 |  82.2 |      15 |      32 |  68.1
    Swamp:1 |   15424 |       0 |   0.0 |      34 |       0 |   0.0
    Swamp:2 |   18862 |    3615 |  16.1 |      41 |       1 |   2.4
    Swamp:3 |    6671 |    3543 |  34.7 |      22 |       2 |   8.3
    Swamp:4 |   10366 |   20418 |  66.3 |      25 |      29 |  53.7
   Spider:1 |   20067 |    4977 |  19.9 |      57 |      23 |  28.8
   Spider:2 |   13463 |       0 |   0.0 |      47 |       0 |   0.0
   Spider:3 |   16485 |    4761 |  22.4 |      33 |      13 |  28.3
   Spider:4 |   14616 |   18279 |  55.6 |      36 |      42 |  53.8
      Orc:1 |    1577 |    5840 |  78.7 |      23 |       8 |  25.8
      Orc:2 |    3601 |    5798 |  61.7 |      37 |      43 |  53.8
      Elf:1 |   17725 |   12371 |  41.1 |      29 |      24 |  45.3
      Elf:2 |   17447 |    1799 |   9.3 |      31 |       2 |   6.1
      Elf:3 |   11632 |   41060 |  77.9 |      18 |      27 |  60.0
      IceCv |       0 |   10388 | 100.0 |       0 |      36 | 100.0
    Volcano |       0 |    3550 | 100.0 |       0 |       9 | 100.0
   Gauntlet |       0 |    4593 | 100.0 |       0 |      11 | 100.0
            +---------+---------+-------+---------+---------+-------
